 Dungeon Crawl Stone Soup version 0.28.0-53-g5a82cb258f (webtiles) character file.

Game seed: 10335347754676878313

1008 stumblerator577 the Vandal (level 8, -4/60 HPs)
             Began as a Formicid Arcane Marksman on Aug 2, 2022.
             Slain by a two-headed ogre
             ... wielding a +0 dire flail
              (6 damage)
             ... on level 7 of the Dungeon.
             The game lasted 02:04:24 (9570 turns).

stumblerator577 the Vandal (FoAM)                   Turns: 9570, Time: 02:04:25

Health: -4/60      AC: 21    Str: 15    XL:     8   Next: 44%
Magic:  9/9        EV:  5    Int: 13    God:
Gold:   372        SH:  5    Dex: 13    Spells: 5/9 levels left

rFire   . . .      SeeInvis +   b - +0 morningstar
rCold   . . .      Faith    .   (no shield)
rNeg    . . .      Spirit   .   s - +0 plate armour
rPois   .          Reflect  +   (helmet unavailable)
rElec   .          Harm     .   (no cloak)
rCorr   .          Rampage  .   m - +0 pair of gloves
Will    .....                   (no boots)
Stlth   ..........              w - amulet of reflection
HPRegen 0.20/turn               f - +4 ring of protection
MPRegen 0.11/turn               o - +4 ring of protection

@: no status effects
A: permanent stasis, dig shafts and tunnels, antennae 3, four strong arms
a: Dig, Shaft Self


You were on level 7 of the Dungeon.
You visited 2 branches of the dungeon, and saw 8 of its levels.

You collected 372 gold pieces.

Inventory:

Hand Weapons
 a - a +1 hunting sling
 b - a +0 morningstar (weapon)
Missiles
 d - 9 poisoned darts
 e - 30 stones (quivered)
 j - 2 throwing nets
 q - 15 sling bullets
 r - 6 boomerangs
Armour
 m - a +0 pair of gloves (worn)
 s - a +0 plate armour (worn)
Jewellery
 c - a ring of willpower
 f - a +4 ring of protection (left hand)
 i - a ring of positive energy
 l - a ring of fire
 o - a +4 ring of protection (right hand)
 w - an amulet of reflection (around neck)
 x - a +6 ring of dexterity
Scrolls
 g - a scroll of fog
 p - 2 scrolls of identify
 t - a scroll of enchant armour {unknown}
Potions
 h - 2 potions of might
 k - a potion of curing
 n - a potion of heal wounds


   Skills:
 + Level 3.8 Fighting
 + Level 3.5(4.1) Axes
 + Level 3.1(3.9) Maces & Flails
 + Level 4.7 Slings
 + Level 0.1(2.6) Throwing
 + Level 4.0 Armour
 + Level 2.5 Dodging
 + Level 2.6 Stealth
 + Level 1.3 Spellcasting
 + Level 4.4 Hexes
 + Level 0.6 Earth Magic


You had 5 spell levels left.
You knew the following spells:

 Your Spells              Type           Power      Damage    Failure   Level
a - Slow                  Hex            48%        N/A       97%         1
b - Sandblast             Erth           4%         2d4       100%        1
c - Animate Skeleton      Necr           0%         N/A       100%        1
d - Pain                  Necr           0%         1d4       100%        1

Your spell library contained the following spells:

 Spells                   Type           Power      Damage    Failure   Level
 Ensorcelled Hibernation  Hex/Ice        12%        N/A       100%        2
 Passwall                 Tmut/Erth      0%         N/A       100%        2
 Sublimation of Blood     Necr           0%         N/A       100%        2
 Wereblood                Tmut           0%         N/A       100%        2
 Inner Flame              Hex/Fire       6%         N/A       100%        3
 Portal Projectile        Hex/Tloc       12%        N/A       100%        3
 Stone Arrow              Conj/Erth      2%         3d7       100%        3
 Vampiric Draining        Necr           0%         2d6       100%        3
 Cause Fear               Hex            6%         N/A       100%        4
 Summon Hydra             Summ           0%         N/A       100%        7
 Swiftness                Air            Unusable   N/A       N/A         3

Dungeon Overview and Level Annotations

Branches:
Dungeon (7/15)             Temple (1/1) D:5

Altars:
Ashenzari
Dithmenos
Fedhas
Gozag
Makhleb
Nemelex Xobeh
Okawaru
Ru
Uskayaw
Vehumet
Xom
Yredelemnul
Zin
The Shining One
Beogh

Shops:
D:3 =!   D:5 !   D:6 *


Innate Abilities, Weirdness & Mutations

You cannot be hasted, slowed, berserked, paralysed or teleported.
You can dig through walls and to a lower floor.
You have a pair of large antennae on your head. (SInv)
Your four strong arms can wield two-handed weapons with a shield.


Message History

The sling bullet hits the two-headed ogre.
The two-headed ogre is lightly wounded.
There's nothing to open nearby.
b - a +0 morningstar (weapon)
You puncture the two-headed ogre!
The two-headed ogre is lightly wounded.
The two-headed ogre hits you but does no damage. x2
You puncture the two-headed ogre!
The two-headed ogre is moderately wounded.
The two-headed ogre hits you but does no damage.
You block the two-headed ogre's attack.
You puncture the two-headed ogre!
The two-headed ogre is heavily wounded.
The two-headed ogre hits you with a +0 dire flail!
The two-headed ogre hits you with a +0 giant club!
You hit the two-headed ogre.
The two-headed ogre is heavily wounded.
The two-headed ogre hits you with a +0 dire flail!
The two-headed ogre completely misses you.
You sock the two-headed ogre!
The two-headed ogre is severely wounded.
The two-headed ogre completely misses you.
The two-headed ogre barely misses you.
You sock the two-headed ogre!
The two-headed ogre is almost dead.
The two-headed ogre hits you with a +0 dire flail.
The two-headed ogre hits you but does no damage.
You barely miss the two-headed ogre.
The two-headed ogre is almost dead.
The two-headed ogre hits you with a +0 dire flail!
* * * LOW HITPOINT WARNING * * *
The two-headed ogre hits you with a +0 giant club.
* * * LOW HITPOINT WARNING * * *
Unknown command.
You barely miss the two-headed ogre.
The two-headed ogre is almost dead.
The two-headed ogre hits you with a +0 dire flail!
* * * LOW HITPOINT WARNING * * *
The two-headed ogre hits you with a +0 giant club.
You die...

#.#.# #.#
#.#.#####.#
#.#.......#
.######.........#
............###.#
##########..# #.#
#..# #.#
###########..#
#.#
.(....(O@....#
#.#
............##
#.# ###########.#
#.# #.# #.. #..#
#..# #..#


You could see a two-headed ogre.

Vanquished Creatures
  A sky beast (D:4)
  A phantom (D:5)
  A bullfrog (D:7)
  3 scorpions
  A water moccasin zombie (D:5)
  A water moccasin skeleton (D:6)
  3 wights (D:6)
  2 hounds
  A bullfrog skeleton (D:5)
  3 iguanas
  An orc wizard (D:5)
  4 gnolls (D:5)
  5 adders
  An ufetubus (D:5)
  3 worms
  2 dart slugs (D:2)
  18 orcs
  4 endoplasms
  6 giant cockroaches
  6 goblins
  3 hobgoblins
  7 jackals
  3 quokkas
  6 ball pythons
  2 bats
  6 frilled lizards
  9 kobolds
  7 rats
110 creatures vanquished.

Vanquished Creatures (others)
  A fungus (D:5)
1 creature vanquished.

Grand Total: 111 creatures vanquished

Notes
Turn   | Place    | Note
-------+----------+-------------------------------------------
     0 | D:1      | stumblerator577 the Formicid Arcane Marksman began the
                  | quest for the Orb.
     0 | D:1      | Reached XP level 1. HP: 15/15 MP: 2/2
    97 | D:1      | Reached XP level 2. HP: 16/21 MP: 3/3
   537 | D:1      | Found a faded altar of an unknown god.
   770 | D:1      | Reached XP level 3. HP: 17/26 MP: 4/4
  1599 | D:3      | Reached skill level 1 in Axes
  1599 | D:3      | Reached XP level 4. HP: 13/32 MP: 5/5
  2783 | D:3      | Found Geolif's Jewellery Shoppe.
  2849 | D:3      | Reached XP level 5. HP: 38/38 MP: 6/6
  2930 | D:3      | Reached skill level 1 in Stealth
  3401 | D:3      | Found Wenucav's Distillery.
  3555 | D:3      | Reached XP level 6. HP: 31/44 MP: 7/7
  4224 | D:3      | Learned a level 1 spell: Sandblast
  4617 | D:4      | Learned a level 1 spell: Animate Skeleton
  4619 | D:4      | Learned a level 1 spell: Pain
  5051 | D:4      | Noticed a sky beast
  5073 | D:4      | Killed a sky beast
  5798 | D:5      | Entered Level 5 of the Dungeon
  5908 | D:5      | Reached skill level 1 in Armour
  5986 | D:5      | Found a glowing silver altar of Zin.
  6001 | D:5      | Found a blossoming altar of Fedhas.
  6015 | D:5      | Reached XP level 7. HP: 36/52 MP: 8/8
  6023 | D:5      | Found a sparkling altar of Nemelex Xobeh.
  6053 | D:5      | Found an iron altar of Okawaru.
  6289 | D:5      | Reached skill level 1 in Maces & Flails
  6299 | D:5      | Found Yrrip's Distillery.
  7200 | D:5      | Found an opulent altar of Gozag.
  7211 | D:5      | Found a shimmering altar of Xom.
  7296 | D:5      | Found a staircase to the Ecumenical Temple.
  7416 | Temple   | Entered the Ecumenical Temple
  7872 | D:6      | Reached XP level 8. HP: 9/51 MP: 9/9
  8139 | D:6      | Found Diozeihi's Assorted Antiques.
  9556 | D:7      | Noticed a two-headed ogre
  9570 | D:7      | HP: 2/60 [two-headed ogre/+0 dire flail (7)]
  9570 | D:7      | Slain by a two-headed ogre

Illustrated notes

Levels and vault maps discovered:
D:1:      dpeg_arrival_rooms_c, layout_basic,
          hellmonk_ecumenical_altar_defaced_shrine, grunt_decor_junction,
          kennysheep_doodads, minivault_27
D:2:      layout_rooms, serial_glass, glass_columns_a, glass_columns_b,
          glass_columns_a, glass_columns_c, glass_columns_a, glass_columns_a,
          st_stairs_9
D:3:      layout_loops_corners, serial_shops, nicolae_shop_window_shopping,
          shop, portal_sewer_entry_b
D:4:      layout_rooms
D:5:      layout_basic, chequers_temple_overflow_statue_of_worship,
          mainiacjoe_overflow_big_doors, temple_fountains,
          nicolae_stop_n_shop_1, ldierk_geyser
D:6:      layout_loops_ring, serial_shops, shop_fountains
D:7:      layout_loops_ring
Temple:   dpeg_chambers_temple

Skill      XL: |  1  2  3  4  5  6  7  8 |
---------------+-------------------------+-----
Hexes          | 4 |  4.4
Axes           | 1 2 3 |  3.5
Slings         | 3 4 |  4.7
Dodging        | 2 |  2.5
Fighting       | 2 3 |  3.8
Stealth        | 1 2 |  2.6
Armour         | 1 2 4 |  4.0
Maces & Flails | 2 3 |  3.1
Throwing       | |  0.1
Spellcasting   | |  1.3
Earth Magic    | |  0.6

Action                   |  1- 3 |  4- 6 |  7- 9 || total
-------------------------+-------+-------+-------++-------
Melee: Hand axe          |    64 |    26 |       ||    90
       Punch             |     1 |     4 |       ||     5
       War axe           |       |   125 |    12 ||   137
       Morningstar       |       |    12 |   112 ||   124
 Fire: Hunting sling     |    35 |    54 |    20 ||   109
Throw: Stone             |       |     6 |    11 ||    17
 Cast: Sandblast         |       |     2 |       ||     2
       Pain              |       |     1 |       ||     1
  Use: Scroll            |     2 |     6 |     2 ||    10
       Potion            |       |     5 |     4 ||     9
 Stab: Sleeping          |       |     1 |       ||     1
Armor: Robe              |    25 |    30 |       ||    55
       Plate armour      |       |    22 |   139 ||   161
       Scale mail        |       |    22 |       ||    22
       Skin              |       |    14 |       ||    14
Dodge: Dodged            |    45 |   105 |    32 ||   182
Block: Other             |       |       |     8 ||     8
